 Dungeon Crawl Stone Soup version 0.16.1-7-g2c6721e (webtiles) character file.

20834 abixa the Severer (level 12, -4/107 HPs)
             Began as a Hill Orc Gladiator on Mar 29, 2015.
             Was a High Priest of Qazlal.
             Slain by a polar bear (12 damage)
             ... in an ice cave.
             The game lasted 01:21:02 (14036 turns).

abixa the Severer (Hill Orc Gladiator)             Turns: 14036, Time: 01:21:02

Health: -4/107     AC: 10    Str: 24    XL:     12   Next: 83%
Magic:  1/27       EV: 13    Int:  8    God:    Qazlal [*****.]
Gold:   1662       SH:  6    Dex: 15    Spells: 0 memorised, 11 levels left

rFire  . . .     SeeInvis +     b - +2 battleaxe
rCold  + . .     Clarity  .     M - -1 ring mail
rNeg   . . .     SustAb   .     (no shield)
rPois  +         Gourm    .     c - +0 helmet
rElec  +         Spirit   .     (no cloak)
rCorr  .         Warding  .     (no gloves)
rMut   .         Stasis   .     (no boots)
MR     .....     NoCast   +     (no amulet)
Stlth  ..........               F - ring of Taizy {-Cast rElec rPois Str+5 SInv Stlth-}
                                P - ring of protection from cold

@: protected from physical damage, very slightly contaminated, repel missiles,
drained, not resistant to hostile enchantments, extremely unstealthy
A: no striking features
a: Upheaval, Elemental Force, Disaster Area, Renounce Religion


You were in an ice cave.
You worshipped Qazlal.
Qazlal was extremely pleased with you.
You were not hungry.

You visited 4 branches of the dungeon, and saw 17 of its levels.
You also visited: Ice Cave.

You collected 1662 gold pieces.

Inventory:

Hand weapons
 a - a +2 executioner's axe of venom
 b - a +2 battleaxe (weapon)
 x - a +0 trident
 W - a +4 blowgun
Missiles
 g - 455 stones (quivered)
 o - 5 javelins
 p - 92 poisoned needles
 q - 4 silver tomahawks
 s - 3 tomahawks of returning
 R - 22 tomahawks
Armour
 c - a +0 helmet (worn)
 i - a +0 ring mail of fire resistance
 H - the +4 ring mail of the Unseen Realm {Regen+ Slay+3}
   (You found it on level 4 of the Dungeon)

   It affects your accuracy and damage with ranged weapons and melee attacks
   (+3).
   It increases your rate of regeneration.
 M - a -1 ring mail (worn)
 Q - a +2 chain mail of cold resistance
Jewellery
 r - an uncursed ring of protection from magic
 F - the ring of Taizy (right hand) {-Cast rElec rPois Str+5 SInv Stlth-}
   (You found it on level 8 of the Dungeon)

   [ring of strength]

   It affects your strength (+5).
   It insulates you from electricity.
   It protects you from poison.
   It enhances your eyesight.
   It prevents spellcasting.
   It makes you less stealthy.
 O - an uncursed ring of protection from fire
 P - a ring of protection from cold (left hand)
 V - an uncursed ring of flight
Scrolls
 h - 6 scrolls of magic mapping
 j - a scroll of identify
 y - 5 scrolls of remove curse
Potions
 l - 6 potions of curing
 v - 3 potions of might
 X - a potion of cancellation
Comestibles
 f - 2 meat rations
 k - 2 bread rations
 z - 18 fruits


   Skills:
 + Level 10.4(10.3) Fighting
 + Level 18.1(18.0) Axes
 - Level 2.0(1.9) Throwing
 + Level 8.3(8.2) Armour
 - Level 3.6 Dodging
 - Level 11.6(11.5) Invocations


You had 11 spell levels left.
You didn't know any spells.

Dungeon Overview and Level Annotations

Branches:
Dungeon (10/15)            Temple (1/1) D:6            Lair (2/8) D:9
    Orc (4/4) D:10
    Elf: Orc:3-4

Altars:
Ashenzari
Cheibriados
Dithmenos
Elyvilon
Fedhas
Gozag
Kikubaaqudgha
Makhleb
Nemelex Xobeh
Okawaru
Qazlal
Ru
Trog
Vehumet
Xom
Yredelemnul
Zin
The Shining One
Lugonu

Shops:
D:10 *   Orc:2 (

Annotations:
IceCv Shoikan's ghost, powerful MiBe


Message History

Unknown command.
Unknown command.
Unknown command.
Drink which item? (? for menu, Esc to quit)
You feel better. You block the wolf's attack. The polar bear barely misses you.
The polar bear claws you.
* * * LOW HITPOINT WARNING * * *
The polar bear closely misses you.
Shoikan's ghost hits you but does no damage.
You block the yak's attack. You block the wolf's attack.
You hit Shoikan's ghost but do no damage.
Shoikan's ghost is almost destroyed.
You hit the polar bear.
The polar bear is almost dead.
You hit the yak but do no damage.
The yak is moderately wounded.
You hit the wolf!!
The wolf is almost dead.
The polar bear bites you!
You die...

. #### ...
######..## #h..##
##†.##..§§##
..hh..###..(...§Yh.#
....Y..#...(.Y.hh@.#
#....##...hW..#
##h.#####†.§.## ####
##..## ####


You could see 3 polar bears, 2 yaks, a wolf and Shoikan's ghost.

Vanquished Creatures
  3 hydras
  Pikel (D:8)
  2 komodo dragons
  4 spiny frogs
  A fire drake (Lair:2)
  4 trolls
  2 polar bears (IceCv)
  Grinder (D:6)
  5 blink frogs (Lair:2)
  A basilisk (Lair:2)
  2 water elementals
  10 yaks
  4 wolves
  A warg (Orc:1)
  4 water moccasins
  A necrophage (D:6)
  A sky beast (D:9)
  3 porcupines (Lair:2)
  4 slaves (D:8)
  13 ogres
  A phantom (D:4)
  18 orc warriors
  2 black bears (D:9)
  11 ice beasts
  A wasp (D:10)
  3 big kobolds
  7 centaurs
  6 crocodiles
  3 giant frogs
  20 killer bees
  2 scorpions (D:8)
  5 wights (D:7)
  6 electric eels (D:9)
  The ghost of dxcTest1 the Slasher, a weakling DsGl (D:3)
  2 giant frog zombies (D:9)
  6 crimson imps
  16 hounds
  23 orc wizards
  3 giant frog skeletons
  26 orc priests
  2 goliath beetles
  2 jellies
  5 worker ants
  4 iguanas
  3 killer bee zombies (D:9)
  Ijyb (D:4)
  A hound skeleton (D:10)
  2 mummies
  18 adders
  14 river rats
  3 shadow imps
  2 worms
  An electric eel zombie (D:9)
  8 giant geckos
  4 oozes
  137 orcs
  2 bat skeletons (D:4)
  9 giant cockroaches
  19 hobgoblins
  8 jackals
  21 kobolds
  10 quokkas
  22 bats
  A giant gecko zombie (D:7)
  5 giant newts
  17 goblins
  6 rats
  3 ballistomycetes (D:8)
  2 fungi (Lair:1)
  3 plants
564 creatures vanquished.

Vanquished Creatures (collateral kills)
  A hydra (Lair:1)
  A wolf (IceCv)
  2 orc warriors (D:10)
  2 orc priests (D:10)
6 creatures vanquished.

Vanquished Creatures (others)
  An air elemental (IceCv)
  An orc wizard (D:5)
  An orc (D:8)
  A giant spore (D:8)
4 creatures vanquished.

Grand Total: 574 creatures vanquished

Notes
Turn   | Place    | Note
--------------------------------------------------------------
     0 | D:1      | abixa, the Hill Orc Gladiator, began the quest for the Orb.
     0 | D:1      | Reached XP level 1. HP: 18/18 MP: 1/1
   119 | D:1      | Reached XP level 2. HP: 13/25 MP: 2/2
   183 | D:1      | Reached skill level 5 in Axes
   460 | D:1      | Reached XP level 3. HP: 30/30 MP: 3/3
   792 | D:2      | Reached skill level 6 in Axes
   940 | D:2      | Found a bloodstained altar of Trog.
   979 | D:2      | Reached XP level 4. HP: 37/37 MP: 4/4
  1254 | D:3      | Found a sacrificial altar of Ru.
  1261 | D:3      | Became a worshipper of Ru the Awakened
  1441 | D:3      | Reached skill level 7 in Axes
  1646 | D:3      | Reached XP level 5. HP: 38/42 MP: 5/5
  2088 | D:3      | Noticed dxcTest1's ghost (weakling DsGl)
  2202 | D:3      | Killed dxcTest1's ghost
  2202 | D:3      | Reached skill level 8 in Axes
  2403 | D:4      | Noticed a phantom
  2522 | D:4      | Found a sparkling altar of Nemelex Xobeh.
  2553 | D:4      | Reached XP level 6. HP: 47/50 MP: 6/6
  2876 | D:4      | Killed a phantom
  2876 | D:4      | Reached skill level 9 in Axes
  3202 | D:4      | Got a transparent ring mail
  3288 | D:4      | Noticed an ogre
  3299 | D:4      | Killed an ogre
  3299 | D:4      | Reached skill level 10 in Axes
  3299 | D:4      | Reached XP level 7. HP: 56/56 MP: 7/7
  3495 | D:4      | Identified the +4 ring mail of the Unseen Realm {Regen+ Slay+3} (You found it on level 4 of the Dungeon)
  3515 | D:5      | Entered Level 5 of the Dungeon
  3521 | D:5      | Noticed Ijyb
  3534 | D:4      | Killed Ijyb
  3604 | D:5      | Reached skill level 11 in Axes
  3951 | D:5      | Reached skill level 1 in Armour
  3951 | D:5      | Reached XP level 8. HP: 61/63 MP: 8/8
  4095 | D:6      | Found a staircase to the Ecumenical Temple.
  4103 | Temple   | Entered the Ecumenical Temple
  4251 | Temple   | Fell from the grace of Ru
  4251 | Temple   | Became a worshipper of Qazlal Stormbringer
  4381 | D:6      | Noticed Grinder
  4465 | D:6      | Killed Grinder
  4485 | D:6      | Found a radiant altar of Vehumet.
  4669 | D:6      | Reached skill level 5 in Fighting
  4669 | D:6      | Reached skill level 12 in Axes
  4730 | D:6      | Found a glowing golden altar of the Shining One.
  5038 | D:6      | Found a blossoming altar of Fedhas.
  5267 | D:7      | Reached XP level 9. HP: 75/75 MP: 9/9
  5364 | D:7      | Found a snail-covered altar of Cheibriados.
  5522 | D:7      | Reached skill level 5 in Armour
  5570 | D:7      | Acquired Qazlal's first power
  6185 | D:8      | Got a sparkling silver ring
  6188 | D:8      | Identified the ring of Taizy {-Cast rElec rPois Str+5 SInv Stlth-} (You found it on level 8 of the Dungeon)
  6201 | D:8      | Noticed Pikel
  6252 | D:8      | Reached skill level 13 in Axes
  6268 | D:8      | Acquired Qazlal's second power
  6558 | D:8      | Killed Pikel
  6558 | D:8      | Reached XP level 10. HP: 81/88 MP: 10/10
  6720 | D:8      | Found a corrupted altar of Lugonu.
  6720 | D:8      | Noticed an orange demon
  6722 | D:8      | Noticed an orange demon
  6723 | D:8      | Noticed an orange demon
  6799 | D:8      | Acquired Qazlal's third power
  6923 | D:8      | Reached skill level 14 in Axes
  7147 | D:9      | Found a staircase to the Orcish Mines.
  7618 | D:9      | Reached skill level 15 in Axes
  7619 | D:9      | Acquired Qazlal's fourth power
  7641 | D:9      | Reached skill level 1 in Invocations
  7665 | D:9      | Reached XP level 11. HP: 97/99 MP: 12/14
  7703 | D:9      | Found a staircase to the Lair.
  7965 | D:9      | Reached skill level 5 in Invocations
  8180 | D:10     | Entered Level 10 of the Dungeon
  8469 | D:10     | Found Cigimi's General Store.
  8871 | D:10     | Found a staircase to the Orcish Mines.
  9247 | Lair:1   | Entered Level 1 of the Lair of Beasts
  9251 | Lair:1   | Noticed a four-headed hydra
  9260 | Lair:1   | Killed a five-headed hydra
  9309 | Lair:1   | Noticed an eight-headed hydra
  9311 | Lair:1   | Killed an eight-headed hydra
  9375 | Lair:1   | Identified a scroll of acquirement
  9393 | Lair:1   | Reached skill level 10 in Invocations
 10693 | Lair:2   | Noticed a seven-headed hydra
 10696 | Lair:2   | Killed a seven-headed hydra
 10703 | Lair:2   | Reached XP level 12. HP: 106/106 MP: 19/27
 10773 | Lair:2   | Reached skill level 16 in Axes
 10945 | Lair:2   | Noticed a five-headed hydra
 10964 | Lair:2   | Killed a six-headed hydra
 11163 | Lair:2   | Reached skill level 17 in Axes
 12006 | Orc:1    | Entered Level 1 of the Orcish Mines
 12949 | Orc:3    | Acquired Qazlal's fifth power
 13708 | Orc:2    | Found Inoiloph's Antique Weapon Shop.
 13900 | Orc:4    | Entered Level 4 of the Orcish Mines
 13919 | Orc:4    | Reached skill level 10 in Fighting
 13932 | Orc:4    | Found a frozen archway.
 13953 | Orc:4    | Reached skill level 18 in Axes
 13999 | IceCv    | Entered an ice cave
 13999 | IceCv    | Noticed Shoikan's ghost (powerful MiBe)
 14034 | IceCv    | HP: 3/107 [wolf (8)]
 14036 | IceCv    | Slain by a polar bear

Action                   |  1- 3 |  4- 6 |  7- 9 | 10-12 || total
-------------------------+-------+-------+-------+-------++-------
Melee: War axe           |    91 |   148 |       |       ||   239
       Broad axe         |       |    28 |   196 |       ||   224
       Battleaxe         |       |       |   137 |   393 ||   530
       Executioner's axe |       |       |       |   274 ||   274
 Fire: Hunting sling     |       |     3 |       |       ||     3
Throw: Stone             |    34 |    14 |    32 |     3 ||    83
       Tomahawk          |       |     4 |    16 |    14 ||    34
       Throwing net      |       |       |     1 |     3 ||     4
Invok: Upheaval          |       |       |       |    11 ||    11
       Elemental Force   |       |       |       |     4 ||     4
  Use: Scroll            |       |       |    10 |    14 ||    24
       Potion            |       |       |       |     3 ||     3
 Stab: Held in net/web   |       |       |     2 |       ||     2
  Eat: Chunk             |       |     7 |    12 |    24 ||    43
